 Dungeon Crawl Stone Soup version 0.31-a0-1576-ga3383bade6 (webtiles) character file.

Game seed: 4407089782298984108

47 Flugslaktarn the Apothecary (level 3, -3/21 HPs)
             Began as an Octopode Alchemist on Jan 4, 2024.
             Slain by a scorpion (6 damage)
             ... on level 4 of the Dungeon.
             The game lasted 00:00:29 (283 turns).

Flugslaktarn the Apothecary (Octopode Alchemist)     Turns: 283, Time: 00:00:30

Health: -3/21      AC:  1    Str:  7    XL:     3   Next: 70%
Magic:  0/7        EV: 13    Int: 17    God:
Gold:   43         SH:  0    Dex: 14    Spells: 6/7 levels left

rFire   . . .        (no weapon)
rCold   . . .        (no shield)
rNeg    . . .        (helmet restricted)
rPois   .            b - amulet of regeneration
rElec   .            (no ring)
rCorr   .            (no ring)
SInv    .            (no ring)
Will    .....        (no ring)
Stlth   +++          (no ring)
HPRegen 1.03/turn    (no ring)
MPRegen 0.10/turn    (no ring)
                     (no ring)

%: no passive effects
@: lethally poisoned (-3 -> -5)
A: almost no armour, amphibious, 8 rings, camouflage 1, gelatinous body 1,
(nimble swimmer 1), tentacles
a: no special abilities


You were on level 4 of the Dungeon.
You visited 1 branch of the dungeon, and saw 4 of its levels.

You collected 43 gold pieces.

Inventory:

Jewellery
 b - an amulet of regeneration (around mantle)
   (You found it on level 1 of the Dungeon)
Scrolls
 c - a scroll of revelation {unknown}
 d - a scroll of teleportation {unknown}
Potions
 a - a potion of magic


   Skills:
 - Level 2.0 Dodging
 - Level 2.6 Stealth
 + Level 2.6 Spellcasting
 - Level 1.0 Conjurations
 * Level 4.5 Alchemy


You had 6 spell levels left.
You knew the following spells:

 Your Spells              Type           Power      Damage    Failure   Level
a - Sting                 Conj/Alch      44%        1d5       6%          1

Your spell library contained the following spells:

 Spells                   Type           Power      Damage    Failure   Level
 Mercury Vapours          Alch/Air       18%        N/A       11%         2
 Mephitic Cloud           Conj/Alch/Air  8%         N/A       26%         3
 Olgreb's Toxic Radiance  Alch           17%        N/A       28%         4
 Sticky Flame             Fire/Alch      9%         2d5       56%         4


Dungeon Overview and Level Annotations

Branches:
Dungeon (4/15)
 Temple: D:4-7

Altars:


Innate Abilities, Weirdness & Mutations

You cannot wear most types of armour.
You are amphibious.
You can wear up to eight rings at the same time.
Your skin changes colour to match your surroundings (Stealth+).
Your rubbery body absorbs attacks. (AC +1, EV +1)
((You are camouflaged when in or above water. (Stealth+)))
You have tentacles for arms and can constrict up to eight enemies at once.


Message History

Found two stone staircases leading down.
There is a stone staircase leading up here.
A frilled lizard is nearby!
Casting: Sting (safe; 7% risk of failure)
Confirm with . or Enter, or press ? or * to list all spells.
Aiming: Sting (safe; 7% risk of failure)
Press: ? - help, Shift-Dir - straight line, f - frilled lizard
Aim: a frilled lizard (53% to hit)
The sting misses the frilled lizard.
The frilled lizard completely misses you.
You tentacle-slap the frilled lizard.
You kill the frilled lizard!
No target in view!
Found a leather armour.
You see here a frilled lizard corpse.
Found a stone staircase leading up.
d - a scroll labelled JEC SODUUCREVI You now have 33 gold pieces (gained 16).
There is a stone staircase leading down here.
You climb downwards.
There is a stone staircase leading up here.
A bombardier beetle is nearby!
Unknown command.
A bombardier beetle is nearby!
Casting: Sting (safe; 7% risk of failure)
Confirm with . or Enter, or press ? or * to list all spells.
Aiming: Sting (safe; 7% risk of failure)
Press: ? - help, Shift-Dir - straight line, f - bombardier beetle
Aim: a bombardier beetle (asleep, 100% to hit)
You miscast Sting.
You are very lightly contaminated with residual magic.
Nothing appears to happen.
Casting: Sting (safe; 7% risk of failure)
Confirm with . or Enter, or press ? or * to list all spells.
Aiming: Sting (safe; 7% risk of failure)
Press: ? - help, Shift-Dir - straight line, f/p - bombardier beetle
Aim: a bombardier beetle (83% to hit)
The sting hits the bombardier beetle but does no damage.
The bombardier beetle is poisoned.
Casting: Sting (safe; 7% risk of failure)
Confirm with . or Enter, or press ? or * to list all spells.
Aiming: Sting (safe; 7% risk of failure)
Press: ? - help, Shift-Dir - straight line, f/p - bombardier beetle
Aim: a bombardier beetle (lightly wounded, poisoned, 83% to hit)
The sting misses the bombardier beetle.
Found a ring mail.
Your magical contamination has completely faded away.
Casting: Sting (safe; 7% risk of failure)
Confirm with . or Enter, or press ? or * to list all spells.
You can't see any susceptible monsters within range! (Use Z to cast anyway.)
Casting: Sting (safe; 7% risk of failure)
Confirm with . or Enter, or press ? or * to list all spells.
Aiming: Sting (safe; 7% risk of failure)
Press: ? - help, Shift-Dir - straight line, f/p - bombardier beetle
Aim: a bombardier beetle (heavily wounded, 83% to hit)
The sting hits the bombardier beetle.
The bombardier beetle is poisoned.
The bombardier beetle is almost dead.
You kill the bombardier beetle!
Your Alchemy skill increases to level 4!
You have reached level 3!
Your experience leads to an increase in your attributes!
Increase (s)trength, (i)ntelligence, or (d)exterity?
You feel agile. x2
Okay, then.
You see here a +0 ring mail.
Found a stone staircase leading down.
You now have 43 gold pieces (gained 10).
A scorpion comes into view.
Unknown command.
Casting: Sting (safe; 6% risk of failure)
Confirm with . or Enter, or press ? or * to list all spells.
Aiming: Sting (safe; 6% risk of failure)
Press: ? - help, Shift-Dir - straight line, f - scorpion
Aim: a scorpion (71% to hit)
The sting hits the scorpion but does no damage.
The scorpion is poisoned.
Casting: Sting (safe; 6% risk of failure)
Confirm with . or Enter, or press ? or * to list all spells.
Aiming: Sting (safe; 6% risk of failure)
Press: ? - help, Shift-Dir - straight line, f/p - scorpion
Aim: a scorpion (lightly wounded, poisoned, 71% to hit)
The sting misses the scorpion.
The scorpion closely misses you.
Casting: Sting (safe; 6% risk of failure)
Confirm with . or Enter, or press ? or * to list all spells.
Aiming: Sting (safe; 6% risk of failure)
Press: ? - help, Shift-Dir - straight line, f/p - scorpion
Aim: a scorpion (lightly wounded, poisoned, 71% to hit)
The sting hits the scorpion but does no damage.
The scorpion looks even sicker.
The scorpion is lightly wounded.
The scorpion stings you!
You are poisoned.
The scorpion poisons you!
You feel very sick. The scorpion stings you!
* * * LOW HITPOINT WARNING * * *
* * * LOW HITPOINT WARNING * * *
You feel very sick. The scorpion attacks as it pursues you!
The scorpion stings you.
You die...

#. #.. ##..##### ######
........# #.....
......####. #.....
.........
#.....############....##.
#......s@................
#....>.###########.######
#..........#######.#
#.....####.......#[#
#..... #######.#.#####
#..... ##.......# #.....
########..#####..# ######
#.....##.## . #.....#†.#


You could see a scorpion (very poisoned).

Vanquished Creatures
  A bombardier beetle (D:4)
  An adder (D:2)
  A dart slug (D:2)
  A ball python (D:2)
  A frilled lizard (D:3)
  A rat (D:2)
6 creatures vanquished.

Vanquished Creatures (others)
  A goblin (D:2)
1 creature vanquished.

Grand Total: 7 creatures vanquished

Notes
Turn   | Place    | Note
-------+----------+-------------------------------------------
     0 | D:1      | Flugslaktarn the Octopode Alchemist began the quest for the
                  | Orb.
     0 | D:1      | Reached XP level 1. HP: 11/11 MP: 3/3
   192 | D:2      | Reached XP level 2. HP: 16/17 MP: 0/5
   242 | D:4      | Noticed a bombardier beetle
   254 | D:4      | Killed a bombardier beetle
   255 | D:4      | Reached skill level 4 in Alchemy
   255 | D:4      | Reached XP level 3. HP: 21/21 MP: 0/7
   278 | D:4      | Noticed a scorpion
   283 | D:4      | Slain by a scorpion

Illustrated notes

Levels and vault maps discovered:
D:1:      elethiomel_arrival_quiet, layout_loops_corners
D:2:      cheibrodos_pilgrimage, layout_rooms,
          hellmonk_ecumenical_altar_leap_of_faith, lemuel_flame_loot_1
D:3:      layout_rooms, dreamdust_princess_corridor, serial_bayou_pond_d
D:4:      layout_rooms, kennysheep_generic_room_9, uniq_menkaure, uniq_natasha

Skill      XL: |  1  2 |
---------------+-------+-----
Alchemy        | 4 |  4.5
Dodging        | |  2.0
Stealth        | |  2.6
Spellcasting   | |  2.6
Conjurations   | |  1.0

Action                     || total
---------------------------++-------
  Melee: Unarmed           ||     4
         Constrict         ||     2
         Tentacles         ||     2
   Cast: Sting             ||    11
 Armour: Skin              ||     5
  Dodge: Dodged            ||     2

Table legend: (Time is in decaauts)
 A = Elapsed time spent in this place.
 B = Non-inter-level travel time spent in this place.
 C = Inter-level travel time spent in this place.
 D = Time resting spent in this place.
 E = Time spent auto-exploring this place.
 F = Levels seen in this place.
 G = Mean time per level.
                   A        B        C        D        E       F      G
               +--------+--------+--------+--------+--------+-----+--------+
         Total |    282 |    217 |     65 |      0 |    139 |   4 |   70.5 |
       Dungeon |    282 |    217 |     65 |      0 |    139 |   4 |   70.5 |
               +--------+--------+--------+--------+--------+-----+--------+

Top non-repeatable levels by time:
     D:1: 157 daAuts
     D:2: 62 daAuts
     D:4: 40 daAuts
     D:3: 21 daAuts
